 Dungeon Crawl Stone Soup version 0.29.1-12-g30fa7ad0bf (webtiles) character file.

Game seed: 451857531754448061

45 nachturnus the Slasher (level 3, -4/43 HPs)
             Began as a Human Fighter on Jan 2, 2023.
             Killed from afar by Natasha (5 damage)
             ... with a bolt of light
             ... on level 2 of the Dungeon.
             The game lasted 00:04:08 (1588 turns).

nachturnus the Slasher (Human Fighter)              Turns: 1588, Time: 00:04:09

Health: -4/43      AC: 21    Str: 16    XL:     3   Next: 90%
Magic:  3/3        EV:  2    Int:  8    God:
Gold:   100        SH:  5    Dex: 14    Spells: 2/2 levels left

rFire   . . .      SeeInvis .   a - +0 long sword
rCold   . . .      Faith    .   c - +0 buckler
rNeg    . . .      Spirit   .   (body armour currently unavailable)
rPois   +          Reflect  .   (helmet currently unavailable)
rElec   .          Harm     .   (cloak currently unavailable)
rCorr   .          Rampage  .   (gloves currently unavailable)
Will    .....      NoTele   +   (boots currently unavailable)
Stlth   +.........              (no amulet)
HPRegen 0.14/turn               (no ring)
MPRegen 0.08/turn               (no ring)

@: tree-form
A: stationary, stasis, torment immunity, boosted hp
a: no special abilities


You were on level 2 of the Dungeon.
You were a tree.
You visited 1 branch of the dungeon, and saw 2 of its levels.

You collected 100 gold pieces.

Inventory:

Hand Weapons
 a - a +0 long sword (weapon)
Armour
 b - a +0 scale mail (melded)
 c - a +0 buckler (worn)
 e - a +0 cloak (melded)
Jewellery
 f - a ring of see invisible
Scrolls
 j - a scroll of noise {unknown}
Potions
 d - a potion of might
 g - a potion of heal wounds {unknown}
 h - a potion of curing {unknown}
 i - a potion of lignification
 k - a potion of berserk rage {unknown}
 l - a potion of degeneration {unknown}


   Skills:
 - Level 3.0 Fighting
 + Level 3.9 Long Blades
 - Level 3.0 Armour
 - Level 3.0 Shields


You had 2 spell levels left.
You didn't know any spells.
Your spell library was empty.

Dungeon Overview and Level Annotations

Branches:
Dungeon (2/15)

Altars:
Cheibriados

Annotations:
D:2 Natasha


Message History

The bat is moderately wounded.
The bat hits you but does no damage. The bat barely misses you.
You block the bat's attack.
You hit the bat but do no damage.
The bat is moderately wounded.
The bat hits you but does no damage. You block the bat's attack.
You closely miss the bat. The bat hits you but does no damage. x2
You hit the bat.
You kill the bat!
No target in view!
Nothing quivered!
An endoplasm comes into view.
The endoplasm quivers.
Found a scroll labelled NASIHE RIADD.
Natasha, Servant of Life and Death comes into view.
She is carrying a wand of light (7).
Natasha hisses angrily.
You block the endoplasm's attack.
You slash the endoplasm!
You kill the endoplasm!
Natasha howls an incantation.
Natasha glows brightly for a moment.
Natasha mumbles some strange words.
Natasha shimmers violently.
Natasha zaps a wand.
The bolt of light hits you!
Natasha zaps a wand.
The bolt of light hits you!
Ouch! That really hurt!
* * * LOW HITPOINT WARNING * * *
It was a potion of lignification.
You turn into a tree.
Your +0 cloak melds into your body.
Your +0 scale mail melds into your body.
Your roots penetrate the ground.
Natasha claws you.
* * * LOW HITPOINT WARNING * * *
You hit Natasha.
Natasha is lightly wounded.
Natasha claws you but does no damage.
You barely miss Natasha.
Natasha is lightly wounded.
Natasha zaps a wand.
The bolt of light hits you.
You die...

#.. #.# #.# #.# .#
#.# #.# ########.#
#.# ......h..# #.#
#♣.# #.# #..# #.# #
#####..###.####.####
?....................
######..............#
######.#######.# #.#
#<# #.# #.#
#.#######)###


You could see Natasha.

Vanquished Creatures
  A dart slug (D:1)
  7 bats
  6 endoplasms
  A giant cockroach (D:1)
  4 goblins
  6 hobgoblins (D:1)
  5 kobolds
  A quokka (D:1)
  2 ball pythons (D:1)
  A frilled lizard (D:1)
  A rat (D:1)
35 creatures vanquished.

Notes
Turn   | Place    | Note
-------+----------+-------------------------------------------
     0 | D:1      | nachturnus the Human Fighter began the quest for the Orb.
     0 | D:1      | Reached XP level 1. HP: 18/18 MP: 1/1
    29 | D:1      | Reached XP level 2. HP: 13/24 MP: 2/2
   487 | D:1      | Found a snail-covered altar of Cheibriados.
   645 | D:1      | Reached XP level 3. HP: 29/29 MP: 3/3
   672 | D:1      | Found a faded altar of an unknown god.
  1583 | D:2      | Noticed Natasha
  1585 | D:2      | HP: 1/29 [Natasha/bolt of light (15)]
  1588 | D:2      | Killed from afar by Natasha

Illustrated notes

Levels and vault maps discovered:
D:1:      lemuel_arrival_broad_hall, layout_basic, serial_glass,
          glass_columns_b, glass_columns_a,
          dreamdust_ecumenical_altar_angels_and_demons, minmay_hexomino_r4
D:2:      layout_loops_ring, corner_web_ring, hangedman_glass_garden,
          kennysheep_generic_room_8, uniq_sigmund, uniq_jessica, uniq_natasha,
          uniq_robin

Skill      XL: |  1  2 |
---------------+-------+-----
Long Blades    | 3 |  3.9
Fighting       | |  3.0
Armour         | |  3.0
Shields        | |  3.0

Action                   || total
-------------------------++-------
Melee: Long sword        ||    99
  Use: Scroll            ||     3
       Potion            ||     1
Armor: Scale mail        ||    55
       Skin              ||     1
Dodge: Dodged            ||    44
Block: Buckler           ||    31
